[Event "Titled Tuesday Blitz March 07 Early 2023"]
[White "Mahdavi, Reza"]
[Black "Vlassov, Nikolai"]
[WhiteFideId "12595926"]
[BlackFideId "4103360"]
[WhiteElo "2208"]
[BlackElo "2324"]
[Result "1-0"]
[Round "08"]
[TimeControl "180+2"]
[Date "2023.03.07"]
[WhiteClock "0:01:12"]
[BlackClock "0:00:09"]

1. Nf3 c5 2. c4 g6 3. g3 Bg7 4. Nc3 Nc6 5. Bg2 d6 6. O-O Nh6 7. d4 cxd4 8. Bxh6 Bxh6 9. Nxd4 Bd7 10. c5 dxc5 11. Nxc6 Bxc6 12. Bxc6+ bxc6 13. Qc2 O-O 14. Rfd1 Qa5 15. Na4 Rfd8 16. Nxc5 Rxd1+ 17. Rxd1 Qxa2 18. Nb3 Rb8 19. Rd3 Bg7 20. Qxc6 Qxb2 21. Nd2 h5 22. Kg2 h4 23. Rd7 a5 24. Qd5 Qe5 25. Rd8+ Rxd8 26. Qxd8+ Kh7 27. Nf3 Qxe2 28. Ng5+ Kh6 29. Nxf7+ Kh7 30. Ng5+ Kh6 31. Qxa5 hxg3 32. hxg3 Bd4 33. Nh3 Qe4+ 34. Kh2 Qf5 35. Qd2+ Kg7 36. Qxd4+ e5 37. Qe3 Kf6 38. Kg2 Ke6 39. Ng5+ Kf6 40. Ne4+ Ke6 41. Qb6+ Kd5 42. Qc5+ Kxe4 43. Qc4# 1-0


[Site "https://www.chess.com"]

[Event "Titled Tuesday Blitz March 07 Early 2023"]
[White "Cherniaiev, Tykhon"]
[Black "Czopor, Maciej"]
[WhiteFideId "14182360"]
[BlackFideId "21805431"]
[WhiteElo "2450"]
[BlackElo "2324"]
[Result "1/2-1/2"]
[Round "08"]
[TimeControl "180+2"]
[Date "2023.03.07"]
[WhiteClock "0:00:05"]
[BlackClock "0:00:18"]

1. Nf3 g6 2. d4 Bg7 3. c4 d6 4. Nc3 Nd7 5. g3 Ngf6 6. Bg2 O-O 7. O-O a6 8. b3 c6 9. Bb2 Qc7 10. Qc2 b6 11. Rad1 Bb7 12. e4 e5 13. dxe5 dxe5 14. Ba3 Rfe8 15. Bd6 Qc8 16. Bh3 Qd8 17. Nxe5 Nxe5 18. Bxe5 Rxe5 19. Rxd8+ Rxd8 20. Rd1 Rde8 21. Bg2 c5 22. f4 Rxe4 23. Nxe4 Nxe4 24. Kf1 h5 25. Rd7 Bc8 26. Bxe4 Bxd7 27. Kg2 Bd4 28. h3 Kg7 29. Qd3 a5 30. a4 Re7 31. Qc2 f5 32. Bd5 Re3 33. Qd1 Kf6 34. h4 Be8 35. Qc2 Re1 36. Qd2 Re3 37. Qc2 Bd7 38. Qd1 Be8 39. Qc2 1/2-1/2


[Site "https://www.chess.com"]

[Event "Titled Tuesday Blitz March 07 Early 2023"]
[White "EREBUNI91"]
[Black "Sharapov, Evgeny"]
[BlackFideId "14103133"]
[WhiteElo "2734"]
[BlackElo "2367"]
[Result "1-0"]
[Round "08"]
[TimeControl "180+2"]
[Date "2023.03.07"]
[WhiteClock "0:00:15"]
[BlackClock "0:00:20"]

1. e4 c5 2. Nc3 Nc6 3. Bb5 Nd4 4. Nf3 g6 5. Nxd4 cxd4 6. Ne2 Bg7 7. O-O e6 8. c3 Qb6 9. Bd3 dxc3 10. bxc3 Ne7 11. Bc2 O-O 12. d4 d5 13. Rb1 Qa5 14. Bf4 b6 15. Bd6 Re8 16. Ba4 Ba6 17. Bb4 Bxe2 18. Bxa5 Bxd1 19. Rfxd1 bxa5 20. Bxe8 Rxe8 21. e5 Rc8 22. Rb7 Nc6 23. f4 Kf8 24. g4 Ke8 25. f5 gxf5 26. gxf5 Nd8 27. Rxa7 exf5 28. Rd3 Bh6 29. Rh3 Bd2 30. Rxh7 Kf8 31. e6 Nxe6 32. Rhxf7+ Kg8 33. Rxf5 Bxc3 34. Ra6 Bxd4+ 35. Kf1 Rf8 36. Rxf8+ Nxf8 37. Rxa5 Kf7 38. Rxd5 Ne6 39. a4 Ke7 40. a5 Ba7 41. h4 Nf4 42. Rb5 Kf6 43. h5 Be3 44. a6 Kg7 45. Rf5 Kh6 46. Rxf4 1-0


[Site "https://www.chess.com"]

[Event "Titled Tuesday Blitz March 07 Early 2023"]
[White "Yosha_Iglesias"]
[Black "Nazari, Arad"]
[BlackFideId "12577324"]
[WhiteElo "2501"]
[BlackElo "2313"]
[Result "0-1"]
[Round "08"]
[TimeControl "180+2"]
[Date "2023.03.07"]
[WhiteClock "0:00:07"]
[BlackClock "0:00:03"]

1. d4 Nf6 2. Nf3 g6 3. Bf4 Bg7 4. c3 O-O 5. Nbd2 d6 6. e4 c5 7. dxc5 dxc5 8. Qc2 Nc6 9. h3 Nd7 10. Rd1 Nde5 11. Nxe5 Nxe5 12. Be2 Qc7 13. Bg3 Qc6 14. Nc4 Nxc4 15. Bxc4 Be6 16. Bxe6 Qxe6 17. O-O Rfd8 18. Qa4 a6 19. f3 Qb6 20. Qb3 Qc6 21. a4 b5 22. axb5 axb5 23. Rxd8+ Rxd8 24. Rd1 Rd7 25. Rxd7 Qxd7 26. Qd5 Qxd5 27. exd5 Kf8 28. Kf2 Ke8 29. Ke3 Kd7 30. Ke4 f5+ 31. Kd3 c4+ 32. Ke3 h6 33. h4 Bf6 34. Bf2 Kd6 35. g4 fxg4 36. fxg4 Kxd5 37. h5 gxh5 38. gxh5 Bg5+ 39. Kf3 e5 40. Bb6 Bc1 41. Ke2 Ke4 42. Bd8 Kf5 43. Ba5 Kg4 44. Kd1 Bf4 0-1


[Site "https://www.chess.com"]

[Event "Titled Tuesday Blitz March 07 Early 2023"]
[White "Rodriguez Fontecha, Marcos"]
[Black "Fernandez Guillen, Ernesto J."]
[WhiteFideId "2256576"]
[BlackFideId "3512428"]
[WhiteElo "2263"]
[BlackElo "2423"]
[Result "0-1"]
[Round "08"]
[TimeControl "180+2"]
[Date "2023.03.07"]
[WhiteClock "0:00:06"]
[BlackClock "0:00:22"]

1. e4 e5 2. Nf3 Nc6 3. d4 exd4 4. Bc4 g6 5. Bg5 Be7 6. Bxe7 Qxe7 7. O-O d6 8. Nxd4 Nf6 9. Nc3 O-O 10. Re1 Qe5 11. Ndb5 Qc5 12. Bb3 Ng4 13. Qd2 Qe5 14. g3 Nxh2 15. Kxh2 Qh5+ 16. Kg1 Ne5 17. Re3 Ng4 18. f3 Nxe3 19. Qxe3 c6 20. Nxd6 Be6 21. Bxe6 fxe6 22. f4 e5 23. f5 Rad8 24. Nc4 gxf5 25. exf5 Rxf5 26. Ne4 Rdf8 27. Ncd6 Rf3 28. Qe2 Qh3 29. Qc4+ Kh8 30. Qc5 Rxg3+ 31. Nxg3 Qxg3+ 32. Kh1 Qh3+ 33. Kg1 Rg8+ 34. Kf2 Rg2+ 0-1


[Site "https://www.chess.com"]

[Event "Titled Tuesday Blitz March 07 Early 2023"]
[White "Vlasak, Lukas"]
[Black "De Silva, L M S T"]
[WhiteFideId "324752"]
[BlackFideId "9953698"]
[WhiteElo "2345"]
[BlackElo "2403"]
[Result "0-1"]
[Round "08"]
[TimeControl "180+2"]
[Date "2023.03.07"]
[WhiteClock "0:01:55"]
[BlackClock "0:02:08"]

1. e4 e5 2. Nf3 Nc6 3. Bb5 a6 4. Ba4 Nf6 5. O-O Be7 6. Re1 b5 7. Bb3 O-O 8. a4 Bb7 9. d3 d6 10. Nc3 Nd4 11. Nxd4 exd4 12. Ne2 c5 13. axb5 axb5 14. Rxa8 Qxa8 15. Ng3 Re8 16. Nf5 Bf8 17. Bg5 Nxe4 18. dxe4 c4 19. Qg4 Rxe4 20. Rxe4 Qa1+ 0-1


[Site "https://www.chess.com"]

[Event "Titled Tuesday Blitz March 07 Early 2023"]
[White "Zacurdajev, Dmitry"]
[Black "Dehtiarov, Roman"]
[WhiteFideId "4196309"]
[BlackFideId "14186640"]
[WhiteElo "2179"]
[BlackElo "2162"]
[Result "0-1"]
[Round "08"]
[TimeControl "180+2"]
[Date "2023.03.07"]
[WhiteClock "0:02:32"]
[BlackClock "0:02:52"]

1. d4 Nf6 2. c4 e6 3. Nc3 Bb4 4. Qc2 O-O 5. a3 Bxc3+ 6. Qxc3 b6 7. Bg5 h6 8. Bh4 Bb7 9. f3 d6 10. e3 Nbd7 11. Nh3 e5 12. Be2 Re8 13. d5 a5 14. Nf2 a4 15. Ne4 Nxe4 16. Bxd8 Nxc3 17. Bxc7 Nxe2 18. Kxe2 Ba6 19. Bxd6 Bxc4+ 20. Kf2 Bxd5 21. Rhd1 Bb3 0-1


[Site "https://www.chess.com"]

[Event "Titled Tuesday Blitz March 07 Early 2023"]
[White "Fiorito, Francisco"]
[Black "Fiedorek, Michal"]
[WhiteFideId "180165"]
[BlackFideId "1199528"]
[WhiteElo "2341"]
[BlackElo "2135"]
[Result "0-1"]
[Round "08"]
[TimeControl "180+2"]
[Date "2023.03.07"]
[WhiteClock "0:00:03"]
[BlackClock "0:00:04"]

1. d4 Nf6 2. Nc3 d5 3. Bf4 g6 4. e3 Bg7 5. Be2 O-O 6. h4 h5 7. Nf3 Bg4 8. Ne5 Bxe2 9. Qxe2 c6 10. g4 hxg4 11. Nxg4 Nxg4 12. Qxg4 Qd7 13. Qg3 Qf5 14. O-O-O Nd7 15. h5 Nf6 16. hxg6 fxg6 17. Be5 Nh5 18. Qg2 Kf7 19. f4 Nf6 20. Rdg1 Rh8 21. Ne2 Rxh1 22. Rxh1 Rh8 23. Rxh8 Bxh8 24. Ng3 Qg4 25. Qh2 Bg7 26. Qf2 Bh6 27. b3 Nh5 28. Ne2 Nf6 29. Nc3 Qf5 30. Kb2 Ng4 31. Qh4 Qh5 32. Qg3 Qf5 33. Ne2 a6 34. Nc1 Nxe5 35. dxe5 d4 36. Nd3 Qe4 37. Qh3 Bg7 38. Nc5 Qd5 39. Nd3 Qe4 40. exd4 Qxd4+ 41. Kb1 Qg1+ 42. Kb2 Qd4+ 43. c3 Qe4 44. b4 Qe2+ 45. Kb1 Qe4 46. Qg3 b6 47. Kb2 a5 48. bxa5 bxa5 49. Nc1 a4 50. a3 Qc4 51. f5 Qb5+ 52. Ka1 gxf5 53. e6+ Kf8 54. Qg6 Bxc3+ 55. Ka2 Qb2# 0-1


[Site "https://www.chess.com"]

[Event "Titled Tuesday Blitz March 07 Early 2023"]
[White "Maze, Sebastien"]
[Black "Girsh, Daniel"]
[WhiteFideId "613762"]
[BlackFideId "30949190"]
[WhiteElo "2462"]
[BlackElo "2075"]
[Result "0-1"]
[Round "08"]
[TimeControl "180+2"]
[Date "2023.03.07"]
[WhiteClock "0:00:04"]
[BlackClock "0:00:06"]

1. e4 e5 2. Nf3 Nc6 3. Bb5 a6 4. Ba4 Nf6 5. Nc3 b5 6. Bb3 Be7 7. a4 Rb8 8. axb5 axb5 9. Nd5 O-O 10. Nxf6+ Bxf6 11. d3 d6 12. h3 Be6 13. Bxe6 fxe6 14. O-O Ra8 15. Be3 Qd7 16. c3 d5 17. Bc5 Rfd8 18. Qb3 Na5 19. Qa2 Qc6 20. b4 Nb7 21. Qxa8 Rxa8 22. Rxa8+ Kf7 23. Rf8+ Kg6 24. exd5 exd5 25. d4 e4 26. Nh2 Nxc5 27. bxc5 b4 28. cxb4 Bxd4 29. Ng4 Qb5 30. Rd1 Qxb4 31. Rd8 Qxc5 32. Kh2 c6 33. Rd7 h5 34. Ne3 Be5+ 35. g3 d4 36. Ng2 d3 37. Nh4+ Kf6 38. Kg2 Ke6 39. Rd8 Bf6 40. Re8+ Kf7 41. Rxe4 Qd5 42. Kf3 g5 43. Ng2 c5 44. Ne3 Qc6 45. Rxd3 c4 46. Rd2 c3 47. Rc2 Qb7 48. Nc4 Qb3 49. Nd6+ Kg6 50. Ree2 Qd5+ 51. Ne4 Qd3+ 52. Kg2 Bd4 53. g4 h4 54. Nd6 Bc5 55. Nf5 Qd5+ 56. f3 Bb4 57. Re4 Qd3 58. Rce2 c2 59. Re6+ Kf7 60. Nh6+ Kg7 61. Nf5+ Qxf5 62. gxf5 c1=Q 63. Rg6+ Kf7 64. Rge6 Qc7 65. Rh6 Qg3+ 66. Kf1 Qxf3+ 67. Rf2 Qxh3+ 68. Kg1 Bc5 69. Rh7+ Kg8 70. Rh6 Qg3+ 0-1


[Site "https://www.chess.com"]

[Event "Titled Tuesday Blitz March 07 Early 2023"]
[White "Bogaudinov, Rushan"]
[Black "Papasimakopoulos, Alexandros"]
[WhiteFideId "4129288"]
[BlackFideId "4244125"]
[WhiteElo "1949"]
[BlackElo "2359"]
[Result "0-1"]
[Round "08"]
[TimeControl "180+2"]
[Date "2023.03.07"]
[WhiteClock "0:00:01"]
[BlackClock "0:00:07"]

1. a3 f5 2. d3 Nf6 3. g3 e5 4. Bg2 d5 5. b4 c6 6. Bb2 Bd6 7. c4 O-O 8. cxd5 cxd5 9. Nc3 Be6 10. Nf3 d4 11. Nb5 Nc6 12. Nxd6 Qxd6 13. O-O Rac8 14. Rc1 a5 15. b5 Ne7 16. Qd2 b6 17. e3 dxe3 18. Qxe3 Ng4 19. Qe2 Bd5 20. h3 e4 21. hxg4 exf3 22. Bxf3 Bxf3 23. Qxf3 Rcd8 24. Rfe1 Rf7 25. d4 fxg4 26. Qxg4 Nd5 27. Re5 Rdf8 28. Rc6 Qd8 29. Qe6 Nf6 30. d5 Re8 31. Qh3 Rxe5 32. Bxe5 Qxd5 33. Rc8+ Rf8 34. Rxf8+ Kxf8 35. Qc8+ Kf7 36. Qc7+ Nd7 37. Bf4 h6 38. Be3 Qe6 39. a4 Kg6 40. Qf4 Kh7 41. g4 Ne5 0-1


[Site "https://www.chess.com"]

[Event "Titled Tuesday Blitz March 07 Early 2023"]
[White "Tymrakiewicz, Rafal"]
[Black "Yilmaz, Mustafa"]
[WhiteFideId "1108832"]
[BlackFideId "6302718"]
[WhiteElo "2151"]
[BlackElo "2523"]
[Result "0-1"]
[Round "08"]
[TimeControl "180+2"]
[Date "2023.03.07"]
[WhiteClock "0:00:10"]
[BlackClock "0:00:45"]

1. e4 g6 2. d4 Bg7 3. Nc3 a6 4. g3 b5 5. Bg2 Bb7 6. Nh3 e6 7. O-O d6 8. Bg5 Ne7 9. Qd2 h6 10. Be3 Nd7 11. Rad1 g5 12. f4 g4 13. Nf2 h5 14. Rfe1 Nb6 15. b3 b4 16. Na4 Nxa4 17. bxa4 a5 18. c4 Qd7 19. Qc2 Bc6 20. Rc1 Bxa4 21. Qd2 Rb8 22. d5 O-O 23. Bd4 e5 24. fxe5 dxe5 25. Bb2 Qd6 26. Nd3 Bh6 27. Re3 Ng6 28. Rf1 Bd7 29. c5 Qe7 30. c6 Bc8 31. Qe1 a4 32. Re2 Ba6 33. Re3 a3 34. Ba1 b3 35. axb3 Rxb3 0-1


[Site "https://www.chess.com"]

[Event "Titled Tuesday Blitz March 07 Early 2023"]
[White "Sekar, B"]
[Black "Zhigalko, Sergei"]
[WhiteFideId "5043743"]
[BlackFideId "13502956"]
[WhiteElo "2258"]
[BlackElo "2626"]
[Result "0-1"]
[Round "08"]
[TimeControl "180+2"]
[Date "2023.03.07"]
[WhiteClock "0:00:02"]
[BlackClock "0:01:07"]

1. e4 c5 2. Nf3 Nc6 3. Bb5 Nf6 4. Nc3 Qc7 5. O-O Nd4 6. Re1 a6 7. Bf1 Ng4 8. g3 Nxf3+ 9. Qxf3 Ne5 10. Qe2 e6 11. Bg2 d6 12. d3 Be7 13. Nd1 O-O 14. Ne3 b5 15. f4 Nc6 16. c3 Rb8 17. Bd2 a5 18. a3 Re8 19. Kh1 Bd7 20. Rac1 b4 21. axb4 axb4 22. Nc4 bxc3 23. Bxc3 Bf8 24. Qf2 Nb4 25. Qf3 Bc6 26. d4 Na2 27. Ra1 Nxc3 28. bxc3 cxd4 29. cxd4 d5 30. Nd2 Bb4 31. Qe2 dxe4 32. Rec1 Bxd2 33. Qxd2 Qd7 34. Qc2 Bd5 35. Bxe4 Red8 36. Rd1 g6 37. Bxd5 Qxd5+ 38. Qg2 Qf5 39. Rac1 h5 40. Rc3 Rd5 41. Rcd3 Rc8 42. Qf3 Qh3 43. Qg2 Qg4 44. Qf3 Qf5 45. Qe3 Rcd8 46. R3d2 Qf6 47. Rd3 Qe7 48. R1d2 Qb7 0-1


[Site "https://www.chess.com"]

[Event "Titled Tuesday Blitz March 07 Early 2023"]
[White "Galchenko, Matvey"]
[Black "Gabdrakhmanov, Azat"]
[WhiteFideId "24175480"]
[BlackFideId "34189197"]
[WhiteElo "2404"]
[BlackElo "2266"]
[Result "0-1"]
[Round "08"]
[TimeControl "180+2"]
[Date "2023.03.07"]
[WhiteClock "0:00:42"]
[BlackClock "0:00:36"]

1. f4 c5 2. Nf3 g6 3. g3 Bg7 4. Bg2 Nc6 5. O-O e6 6. d3 Nge7 7. Nc3 d5 8. e4 b6 9. h3 Bb7 10. g4 h5 11. g5 Qd7 12. a4 a6 13. Qe1 dxe4 14. dxe4 O-O-O 15. Be3 Bd4 16. a5 b5 17. Qf2 Bxe3 18. Qxe3 Nd4 19. Ne5 Qe8 20. Rf2 Nec6 21. Nd3 Qe7 22. e5 c4 23. Ne1 Nf5 24. Qb6 Qc7 25. Ne4 Nb4 26. Qxc7+ Kxc7 27. Nc5 Bxg2 28. Kxg2 Rd5 29. Ne4 Rhd8 30. b3 Rd1 31. Rxd1 Rxd1 32. Nf3 Ne3+ 33. Kh2 Nbxc2 34. bxc4 bxc4 35. Nfd2 Nd4 36. Nc3 Rxd2 0-1


[Site "https://www.chess.com"]

[Event "Titled Tuesday Blitz March 07 Early 2023"]
[White "Derjabin, Ilja"]
[Black "Pakleza, Zbigniew"]
[WhiteFideId "14104768"]
[BlackFideId "1119290"]
[WhiteElo "2309"]
[BlackElo "2410"]
[Result "1-0"]
[Round "08"]
[TimeControl "180+2"]
[Date "2023.03.07"]
[WhiteClock "0:00:08"]
[BlackClock "0:00:03"]

1. d4 d6 2. c4 e5 3. d5 f5 4. e4 fxe4 5. Nc3 Nf6 6. Nge2 Nbd7 7. Ng3 Nc5 8. b4 Nd3+ 9. Bxd3 exd3 10. Qxd3 Be7 11. O-O O-O 12. f3 a5 13. bxa5 Rxa5 14. a4 b6 15. Bd2 Bd7 16. Nb5 Ra8 17. a5 bxa5 18. Rxa5 Rxa5 19. Bxa5 Bxb5 20. cxb5 Qb8 21. Kh1 Qb7 22. Nf5 Re8 23. Rd1 Bf8 24. Qc4 Rc8 25. Qc6 Qa7 26. Ra1 g6 27. b6 Qb8 28. b7 gxf5 29. bxc8=Q Qxc8 30. Bxc7 Qe8 31. Ra8 Qxc6 32. dxc6 Kf7 33. Ba5 Nd5 34. c7 Nxc7 35. Bxc7 Be7 36. Ra6 Ke6 37. g4 fxg4 38. fxg4 Kd7 39. Ba5 Bg5 40. Ra7+ Ke6 41. Rxh7 d5 42. Kg2 d4 43. h4 Bc1 44. Kf3 Kd5 45. Rd7+ Ke6 46. Rc7 Kd5 47. Rxc1 1-0


[Site "https://www.chess.com"]

[Event "Titled Tuesday Blitz March 07 Early 2023"]
[White "Risteski, Emil"]
[Black "polandchessplayer"]
[WhiteFideId "15005267"]
[WhiteElo "2251"]
[BlackElo "2762"]
[Result "0-1"]
[Round "08"]
[TimeControl "180+2"]
[Date "2023.03.07"]
[WhiteClock "0:00:14"]
[BlackClock "0:00:44"]

1. c4 c6 2. Qa4 Nf6 3. g3 g6 4. Bg2 Bg7 5. e4 O-O 6. d4 d5 7. e5 Ne8 8. cxd5 cxd5 9. Nc3 Nc7 10. Nge2 Nc6 11. O-O e6 12. Qd1 Bd7 13. b3 a6 14. Ba3 Re8 15. Qd2 Nb5 16. Bd6 Nxd6 17. exd6 Qb8 18. Na4 Qxd6 19. Rfc1 Rab8 20. Nc5 h5 21. b4 h4 22. a4 hxg3 23. hxg3 e5 24. Nxd7 Qxd7 25. dxe5 Bxe5 26. Rab1 d4 27. Rd1 Rbd8 28. b5 axb5 29. axb5 Ne7 30. Qa2 Kg7 31. Rd3 Nf5 32. Qa4 Bb8 33. Rbd1 Rxe2 34. Bf3 Ree8 35. Qb3 Qe6 36. Qb2 Qf6 37. Bxb7 Re7 38. Bf3 Rde8 39. b6 Re1+ 40. Kg2 Rxd1 41. Bxd1 Bxg3 42. fxg3 Ne3+ 43. Rxe3 dxe3 44. Qxf6+ Kxf6 45. b7 e2 0-1


[Site "https://www.chess.com"]

[Event "Titled Tuesday Blitz March 07 Early 2023"]
[White "Boyer, Mahel"]
[Black "Gontcharov, Vladislav"]
[WhiteFideId "45102422"]
[BlackFideId "4123492"]
[WhiteElo "2439"]
[BlackElo "2470"]
[Result "0-1"]
[Round "08"]
[TimeControl "180+2"]
[Date "2023.03.07"]
[WhiteClock "0:00:01"]
[BlackClock "0:01:14"]

1. e4 e6 2. d4 d5 3. Nc3 Bb4 4. e5 c5 5. a3 Bxc3+ 6. bxc3 Ne7 7. h4 Nbc6 8. h5 h6 9. Rh3 Qa5 10. Rb1 cxd4 11. Rb5 Qa4 12. cxd4 Qxd4 13. Rd3 Qxe5+ 14. Be2 Qh2 15. Kf1 Qc7 16. Bb2 e5 17. Rg3 O-O 18. Bd3 b6 19. Qd2 Kh8 20. Nf3 Ba6 21. Ng5 Bxb5 22. Bxb5 Nf5 23. Rg4 Ncd4 24. Bd3 e4 25. Bb5 Qc5 0-1


[Site "https://www.chess.com"]

[Event "Titled Tuesday Blitz March 07 Early 2023"]
[White "Orozbaev, Eldiar"]
[Black "Sovetov, Oleksandr"]
[WhiteFideId "13802240"]
[BlackFideId "34105786"]
[WhiteElo "2201"]
[BlackElo "2542"]
[Result "1-0"]
[Round "08"]
[TimeControl "180+2"]
[Date "2023.03.07"]
[WhiteClock "0:00:27"]
[BlackClock "0:00:02"]

1. e4 c6 2. Nc3 d5 3. Nf3 dxe4 4. Nxe4 Nf6 5. Ng3 c5 6. c3 Nc6 7. d4 cxd4 8. cxd4 e6 9. Bd3 Be7 10. O-O O-O 11. Qe2 Nxd4 12. Nxd4 Qxd4 13. Rd1 Qh4 14. h3 b6 15. Nf5 exf5 16. Qxe7 Be6 17. Be3 Rfe8 18. Qc7 Nd5 19. Qc6 Rac8 20. Qb5 Nxe3 21. fxe3 Qg3 22. Bxf5 a6 23. Qd3 Bxf5 24. Qxf5 Qxe3+ 25. Kh1 Qe6 26. Qf2 b5 27. Rf1 g6 28. b3 Qd5 29. Rad1 Qe6 30. Rde1 Qd5 31. Rd1 Qe6 32. Qf4 Re7 33. Rd6 Qe5 34. Rxa6 Qxf4 35. Rxf4 Rc1+ 36. Kh2 Rc2 37. a4 bxa4 38. bxa4 Ree2 39. Rg4 h5 40. Rg3 Rf2 41. Ra7 Ra2 42. Kg1 Rf4 43. a5 Rf5 44. Ra8+ Kg7 45. Rc8 Raxa5 46. Rd3 Ra1+ 47. Kh2 Ra2 48. Rg3 Rff2 49. Rc5 f5 50. Rc6 f4 51. Rgxg6+ Kf7 52. Rcf6+ Ke7 53. Kg1 f3 54. Rxf3 Rxf3 55. gxf3 Kf7 56. Rg5 Kf6 57. Rxh5 Kg6 58. Rh4 Kg5 59. Rg4+ Kf5 60. Rg2 Ra3 61. Kf2 Ra1 62. Kg3 Rh1 63. h4 Kf6 64. Kg4 Kg6 65. Rc2 Rg1+ 66. Kf4 Kh5 67. Rc8 Rf1 68. Rh8+ Kg6 69. Kg4 Rg1+ 70. Kf4 Rf1 71. h5+ Kg7 72. Rc8 Kh6 73. Rc5 Rf2 74. Kg4 Rg2+ 75. Kh3 Rg1 76. f4 Rg8 77. Kh4 Rg1 78. Rc6+ Kh7 79. h6 Rg2 80. f5 Rg1 81. Kh5 Rh1+ 82. Kg5 Rg1+ 83. Kf6 Kxh6 84. Kf7+ Kh7 85. f6 Rg7+ 86. Kf8 Rg8+ 87. Ke7 Rg1 88. f7 Re1+ 89. Re6 1-0


[Site "https://www.chess.com"]

[Event "Titled Tuesday Blitz March 07 Early 2023"]
[White "Migot, Tangi"]
[Black "Rozman, Levy"]
[WhiteFideId "662445"]
[BlackFideId "2039877"]
[WhiteElo "2539"]
[BlackElo "2376"]
[Result "0-1"]
[Round "08"]
[TimeControl "180+2"]
[Date "2023.03.07"]
[WhiteClock "0:00:08"]
[BlackClock "0:00:04"]

1. e4 e6 2. Nf3 d5 3. exd5 exd5 4. d4 Bd6 5. Bd3 Nc6 6. c3 Bg4 7. O-O Nge7 8. b4 a6 9. a4 h6 10. Re1 O-O 11. Nbd2 Bf5 12. Nb3 Qd7 13. Ra2 b6 14. Rae2 Bxd3 15. Qxd3 Ng6 16. g3 Nce7 17. a5 Qa4 18. Qb1 Rab8 19. Qa2 Qc6 20. Bd2 Qc4 21. h4 Rfe8 22. Qa4 b5 23. Qa2 Qc6 24. Qb1 f6 25. h5 Nf8 26. Qd3 Qc4 27. Qxc4 dxc4 28. Na1 Kf7 29. Nc2 Nd5 30. Kg2 Ne6 31. Nh4 Ng5 32. Nf5 Bf8 33. Rxe8 Rxe8 34. Rxe8 Kxe8 35. f3 Kf7 36. Nce3 Ke6 37. Nxd5 Kxd5 38. Bxg5 fxg5 39. g4 Bxb4 40. cxb4 c3 41. Kf2 Kc4 42. Ke2 Kb3 43. Ne3 Kxb4 44. Kd3 Kb3 45. Nc2 b4 46. d5 Ka4 47. Nd4 Kxa5 48. Kc4 Ka4 49. Nb3 c2 50. Nc1 Ka3 51. Kd3 b3 52. Kc3 b2 53. Kxc2 bxc1=Q+ 54. Kxc1 Kb3 0-1


[Site "https://www.chess.com"]

[Event "Titled Tuesday Blitz March 07 Early 2023"]
[White "Bolourchifard, Farzad"]
[Black "Kokoszczynski, Jan"]
[WhiteFideId "12510084"]
[BlackFideId "1174460"]
[WhiteElo "2317"]
[BlackElo "2139"]
[Result "1-0"]
[Round "08"]
[TimeControl "180+2"]
[Date "2023.03.07"]
[WhiteClock "0:01:07"]
[BlackClock "0:00:10"]

1. e4 e5 2. Nf3 Nc6 3. Bc4 Bc5 4. d3 Nf6 5. O-O d6 6. c3 a6 7. Bb3 Ba7 8. Nbd2 O-O 9. h3 Be6 10. Re1 Qd7 11. Nf1 Rad8 12. d4 Bxb3 13. axb3 h6 14. Ng3 Rfe8 15. d5 Ne7 16. Nh4 Ng6 17. Nhf5 Kh7 18. Qf3 Ng8 19. Nh5 c6 20. c4 cxd5 21. cxd5 Rc8 22. Nhxg7 Rf8 23. Bxh6 Rc2 24. Be3 Bxe3 25. Rxe3 Nf6 26. Nh5 Qd8 27. Rc3 Rxb2 28. Rc8 Qxc8 29. Nxf6+ Kh8 30. Qh5# 1-0


[Site "https://www.chess.com"]

[Event "Titled Tuesday Blitz March 07 Early 2023"]
[White "Petrosian, Karlen"]
[Black "Zarnicki, Pablo"]
[WhiteFideId "4176146"]
[BlackFideId "100137"]
[WhiteElo "2345"]
[BlackElo "2468"]
[Result "1-0"]
[Round "08"]
[TimeControl "180+2"]
[Date "2023.03.07"]
[WhiteClock "0:00:14"]
[BlackClock "0:00:15"]

1. e4 e5 2. Nc3 Nf6 3. Bc4 Nxe4 4. Qh5 Nd6 5. Qxe5+ Qe7 6. Qxe7+ Bxe7 7. Bb3 c6 8. d4 Nf5 9. d5 Nd4 10. Nge2 Nxb3 11. axb3 O-O 12. Bf4 d6 13. Nd4 a6 14. O-O c5 15. Nf3 Bf5 16. Rfe1 Bf6 17. Bxd6 Rc8 18. Bxc5 Nd7 19. Bd4 Bxc2 20. Bxf6 Nxf6 21. Nd4 Bg6 22. Re7 Rd8 23. Rxb7 Nxd5 24. Nxd5 Rxd5 25. Nc6 Rd2 26. f3 h6 27. Ne7+ Kh7 28. Nxg6 Kxg6 29. Rb6+ f6 30. Raxa6 Re8 31. Re6 Rc8 32. Rac6 Ra8 33. Ra6 Rc8 34. Rac6 Rb8 35. Re4 Rxb3 36. Rg4+ Kf5 37. Rxg7 Rbxb2 38. h4 h5 39. Kh2 Ke5 40. Rc5+ Kd4 41. Rxh5 Ke3 42. Rc5 Kf2 43. h5 Rd1 44. h6 Rbb1 45. Rc2+ Ke3 46. Kg3 Rh1 47. h7 Rb8 48. Re7+ Kd3 49. Rcc7 Rh8 50. Rcd7+ Kc4 51. Rd6 Rh6 52. Rc7+ Kb5 53. Re6 Rg6+ 54. Kf2 Rh6 55. Rf7 Kc5 56. Rexf6 Rxf6 57. Rxf6 Rxh7 58. Re6 Kd4 59. Re4+ Kd5 60. g4 Rf7 61. Kg3 Rf8 62. Re1 Rg8 63. f4 Rf8 64. g5 Ra8 65. Kg4 1-0


[Site "https://www.chess.com"]

[Event "Titled Tuesday Blitz March 07 Early 2023"]
[White "Korchmar, Vasiliy"]
[Black "Arencibia Monduy, Antonio"]
[WhiteFideId "24131750"]
[BlackFideId "3507939"]
[WhiteElo "2370"]
[BlackElo "2523"]
[Result "1-0"]
[Round "08"]
[TimeControl "180+2"]
[Date "2023.03.07"]
[WhiteClock "0:00:32"]
[BlackClock "0:00:06"]

1. e4 e6 2. d4 d5 3. e5 c5 4. c3 cxd4 5. cxd4 Nc6 6. Nf3 Nge7 7. Na3 Nf5 8. Nc2 Be7 9. Be2 Nb4 10. Ne3 Qc7 11. O-O O-O 12. Nxf5 exf5 13. a3 Nc6 14. Bg5 Bxg5 15. Nxg5 h6 16. Nf3 Be6 17. Rc1 Qb6 18. b4 Rac8 19. Qd2 Rc7 20. Rc5 Rfc8 21. Rfc1 a6 22. h4 Rd8 23. h5 Rcc8 24. Qf4 a5 25. b5 Na7 26. Bd3 a4 27. Nh4 Rxc5 28. dxc5 Qa5 29. c6 bxc6 30. bxc6 Rc8 31. Nxf5 Bxf5 32. Qxf5 Rxc6 33. Qh7+ Kf8 34. Rb1 Qd2 35. Qh8+ Ke7 36. Rb7+ Ke6 37. Qe8# 1-0


[Site "https://www.chess.com"]

[Event "Titled Tuesday Blitz March 07 Early 2023"]
[White "Kowalczyk, Pawel"]
[Black "Baches Garcia, Guillermo"]
[WhiteFideId "1130641"]
[BlackFideId "2209764"]
[WhiteElo "2324"]
[BlackElo "2516"]
[Result "1-0"]
[Round "08"]
[TimeControl "180+2"]
[Date "2023.03.07"]
[WhiteClock "0:00:14"]
[BlackClock "0:00:01"]

1. e4 c5 2. Ne2 d6 3. g3 Nf6 4. Bg2 Nc6 5. O-O g6 6. c3 e5 7. d4 Bg4 8. f3 Bd7 9. Be3 Be7 10. Nd2 O-O 11. h3 cxd4 12. cxd4 exd4 13. Nxd4 Nxd4 14. Bxd4 d5 15. e5 Nh5 16. Kh2 Ng7 17. f4 Bc6 18. Nf3 Ne6 19. Qd2 Bb5 20. Rfd1 Rc8 21. Rac1 Rxc1 22. Rxc1 b6 23. b3 Nc5 24. Qe3 Qd7 25. h4 Qf5 26. Ng5 h6 27. Nf3 Qd3 28. Nd2 Qxe3 29. Bxe3 Rd8 30. Bd4 Ne6 31. Nf3 Bc5 32. Bb2 d4 33. Nd2 d3 34. Ne4 Nd4 35. Rd1 Nf5 36. Nxc5 bxc5 37. Rd2 c4 38. bxc4 Bxc4 39. Be4 Ne3 40. Kg1 h5 41. Ba3 Ng4 42. Bd6 Rc8 43. Bxd3 Bxd3 44. Rxd3 Rc1+ 45. Kg2 Rc2+ 46. Kf3 Rxa2 47. Rb3 a5 48. Rb8+ Kh7 49. Rb7 Kg8 50. Ra7 a4 51. Bc5 Ra1 52. Bd4 Ra2 53. Ra8+ Kh7 54. e6 f6 55. e7 1-0


[Site "https://www.chess.com"]

[Event "Titled Tuesday Blitz March 07 Early 2023"]
[White "Matinian, Nikita"]
[Black "surrenderPLS"]
[WhiteFideId "24129100"]
[WhiteElo "2422"]
[BlackElo "2506"]
[Result "1-0"]
[Round "08"]
[TimeControl "180+2"]
[Date "2023.03.07"]
[WhiteClock "0:02:30"]
[BlackClock "0:01:40"]

1. e4 c5 2. Nc3 d6 3. Bb5+ Bd7 4. Bc4 g6 5. f4 Bg7 6. Nf3 Nc6 7. d3 e6 8. f5 Nge7 9. Ng5 gxf5 10. Qh5 Ng6 11. exf5 h6 12. Nxf7 Kxf7 13. Qxg6+ Kf8 14. fxe6 Bxc3+ 15. bxc3 Ne5 16. O-O+ 1-0


[Site "https://www.chess.com"]